 Dungeon Crawl Stone Soup version 0.32-a0-616-g9348d4545b (webtiles) character file.

Game seed: 12634375396501071790

3423 Drazool the Skirmisher (level 10, -1/67 HPs)
             Began as a Coglin Hunter on Mar 5, 2024.
             Slain by a vampire (8 damage)
             ... on level 8 of the Dungeon.
             The game lasted 00:20:43 (6138 turns).

Drazool the Skirmisher (Coglin Hunter)              Turns: 6138, Time: 00:20:44

Health: -1/67      AC: 11    Str: 13    XL:     10   Next: 5%
Magic:  10/10      EV: 12    Int:  8    God:
Gold:   177        SH:  0    Dex: 21    Spells: 9/9 levels left

rFire   + . .        a - +2 sling {Lucia}
rCold   . . .        d - +0 sling {Agam}
rNeg    . . .        c - +0 leather armour
rPois   +            u - +3 helmet of the Doldrums {^Contam rPois rF+}
rElec   .            (no cloak)
rCorr   .            e - +0 pair of gloves
SInv    .            f - +2 pair of boots
Will    +....        (amulet unavailable)
Stlth   ++           (ring unavailable)
HPRegen 0.31/turn    (ring unavailable)
MPRegen 0.12/turn    (no gizmo)

%: no passive effects
@: enlightened, flying
A: off-hand wielding, slow wielding, warmup strikes, no jewellery
a: Invent Gizmo


You were on level 8 of the Dungeon.
You visited 2 branches of the dungeon, and saw 9 of its levels.

You collected 405 gold pieces.
You spent 228 gold pieces at shops.


Innate Abilities, Weirdness & Mutations

You can wield a second weapon in your off-hand.
It takes a long time for you to wield or remove held weapons.
Your first few attacks do less damage.
You cannot equip rings or amulets.


   Skills:
 - Level 2.0 Fighting
 + Level 13.2 Ranged Weapons
 - Level 1.7 Dodging
 - Level 0.7 Stealth


You had 9 spell levels left.
You didn't know any spells.
Your spell library contained the following spells:

 Spells                   Type           Power      Damage    Failure   Level
 Apportation              Tloc           0%         N/A       50%         1
 Necrotise                Necr           0%         1d4       50%         1
 Shock                    Conj/Air       0%         1d3       50%         1
 Sting                    Conj/Alch      0%         1d3       50%         1
 Summon Small Mammal      Summ           0%         N/A       50%         1
 Lesser Beckoning         Tloc           0%         N/A       63%         2
 Gell's Gravitas          Tloc           0%         N/A       86%         3
 Stone Arrow              Conj/Erth      0%         3d7       86%         3
 Swiftness                Air            0%         N/A       86%         3
 Teleport Other           Tloc           0%         N/A       86%         3
 Tukima's Dance           Hex            0%         N/A       86%         3
 Airstrike                Air            0%         2d(0-16)  99%         4
 Animate Armour           Summ/Erth      0%         N/A       99%         4
 Passage of Golubria      Tloc           0%         N/A       99%         4
 Yara's Violent Unravell  Hex/Alch       0%         3d3       100%        5
 Lehudib's Crystal Spear  Conj/Erth      0%         10d2      100%        8

Inventory:

Hand Weapons
 a - a +2 sling (weapon) {Lucia}
 d - a +0 sling (offhand) {Agam}
Missiles
 x - a curare-tipped dart {=f}
Armour
 c - a +0 leather armour (worn)
 e - a +0 pair of gloves (worn)
 f - a +2 pair of boots (worn)
 u - the +3 helmet of the Doldrums (worn) {^Contam rPois rF+}
   (You bought it in a shop on level 6 of the Dungeon)

   rF+:       It protects you from fire.
   rPois:     It protects you from poison.
   ^Contam:   It causes magical contamination when unequipped.
Wands
 t - a wand of paralysis (6)
 y - a wand of polymorph (8)
Scrolls
 b - a scroll of butterflies
 g - a scroll of revelation
 k - a scroll of vulnerability
 l - a scroll of enchant weapon
 n - 2 scrolls of fear
 p - 3 scrolls of blinking
 q - 5 scrolls of amnesia
 s - 2 scrolls of teleportation {@r2}
Potions
 h - a potion of enlightenment
 i - a potion of curing {@q1}
 j - a potion of lignification {unknown}
 m - a potion of degeneration {unknown}
 o - a potion of brilliance {unknown}
 r - a potion of resistance {unknown}
 v - a potion of cancellation {unknown}
 w - a potion of heal wounds {@q2}

Dungeon Overview and Level Annotations

Branches:
Dungeon (8/15)             Temple (1/1) D:7            Lair (0/5) D:8

Altars:
Cheibriados
Dithmenos
Fedhas
Hepliaklqana
Kikubaaqudgha
Nemelex Xobeh
Qazlal
Ru
Sif Muna
Trog
Uskayaw
Vehumet
Wu Jian
Xom
Yredelemnul
The Shining One

Shops:
D:6 [

Annotations:
D:8 exclusion: moth of wrath

##.....#...#..)..........#
#.....##..................
##.......#............).##
##...#..#......###.....##
#....#..##.#...##........
##...>...###..#...#.#..#.
##.........#.##)..#.#...#
##..#...#.{.....))..).....
##...#..##@▒▒▒▒▒▒▒▒▒▒▒▒▒▒▒▒
#.......##.▒ ###........▒
##....##.▒▒ #........▒
#........▒▒ ###.......▒
#.###...▒ ###.#.###..▒


There were no monsters in sight!


Message History

Unknown command.
It was a potion of enlightenment.
You feel very buoyant.
You fly up into the air.
You hear some strange, mumbled words.
Something tries to affect you, but you resist.
Unknown command.
It was a potion of heal wounds.
You feel much better. Something hits you! Something bites you!
* * * LOW HITPOINT WARNING * * *
Something draws strength from your injuries!
Something hits you!
* * * LOW HITPOINT WARNING * * *
Something bites you.
* * * LOW HITPOINT WARNING * * *
Something draws strength from your injuries!
You see here a +0 spear.
Something hits you.
* * * LOW HITPOINT WARNING * * *
Something bites you but does no damage.
Items here: )) [[ ††.
Something hits you.
* * * LOW HITPOINT WARNING * * *
Something bites you but does no damage. Something completely misses you.
Something bites you but does no damage. Something hits you but does no damage.
Something bites you!
* * * LOW HITPOINT WARNING * * *
Something draws strength from your injuries!
You shoot a sling bullet. x2; Something hits you!
You die...

Skill      XL: |  1  2  3  4  5  6  7  8  9 |
---------------+----------------------------+-----
Ranged Weapons | 4 5 6 7 9 10 13 | 13.2
Fighting       | |  2.0
Dodging        | |  1.7
Stealth        | |  0.7

Action                     |  1- 3 |  4- 6 |  7- 9 | 10-12 || total
---------------------------+-------+-------+-------+-------++-------
   Fire: Sling             |   128 |   250 |   638 |   124 ||  1140
  Evoke: Wand              |       |       |     1 |       ||     1
    Use: Scroll            |       |     2 |     5 |       ||     7
         Potion            |       |     1 |     2 |     2 ||     5
 Armour: Leather armour    |    10 |    35 |    70 |    29 ||   144
  Dodge: Dodged            |     5 |    30 |    61 |     5 ||   101

Levels and vault maps discovered:
D:1:      lightli_arrival_flooded_house, layout_loops_corners,
          hellmonk_ecumenical_altar_inner_sanctum
D:2:      layout_basic, basic_altar, serial_co_window_serial, co_window_paths_b,
          co_window_of_opportunity_a, co_window_paths_a,
          co_window_of_opportunity_a, co_window_corner_a,
          co_window_of_opportunity_a, co_window_paths_a, co_window_broadway_b,
          co_window_of_opportunity_b, co_window_cross_3,
          co_window_of_opportunity_c, co_window_paths_c, co_window_2corner,
          glass_columns_a, glass_columns_a, glass_columns_a, glass_columns_b,
          glass_columns_c, uniq_robin, uniq_jessica
D:3:      cheibrodos_greedy_goblins, layout_basic,
          nicolae_overflow_crystal_walls
D:4:      layout_rooms
D:5:      layout_loops_cross
D:6:      layout_cave_pools, serial_shops, shop
D:7:      lemuel_ice_spiral_2, layout_basic, temple_doors_e, ldierk_geyser,
          chequers_serial_rivers_micro_c
D:8:      minmay_the_grid_triangle_9x9_recursive_2
          [minmay_the_grid_triangle_9x9_prize_schism,
          minmay_the_grid_triangle_9x9_limited_checkers,
          minmay_the_grid_triangle_9x9_flanged_cone,
          minmay_the_grid_triangle_9x9_wacky_v], layout_cave_pools, tgw_trog,
          david_lair_generic, uniq_erica
Temple:   nicolae_temple_ecumenical_triangle

Notes
Turn   | Place    | Note
-------+----------+-------------------------------------------
     0 | D:1      | Drazool the Coglin Hunter began the quest for the Orb.
     0 | D:1      | Reached XP level 1. HP: 16/16 MP: 1/1
   192 | D:1      | Reached skill level 4 in Ranged Weapons
   192 | D:1      | Reached XP level 2. HP: 22/22 MP: 2/2
   792 | D:1      | Found a faded altar of an unknown god.
   882 | D:2      | Reached XP level 3. HP: 27/27 MP: 3/3
  1075 | D:2      | Noticed Robin
  1085 | D:2      | Killed Robin
  1230 | D:2      | Found a stormy altar of Qazlal.
  1479 | D:2      | Noticed Jessica
  1480 | D:2      | Killed Jessica
  1481 | D:2      | Reached skill level 5 in Ranged Weapons
  1481 | D:2      | Reached XP level 4. HP: 33/33 MP: 4/4
  1779 | D:3      | Found a shimmering altar of Xom.
  2019 | D:3      | Reached XP level 5. HP: 38/38 MP: 5/5
  2246 | D:4      | Reached skill level 6 in Ranged Weapons
  2495 | D:4      | Reached XP level 6. HP: 44/44 MP: 6/6
  2740 | D:5      | Entered Level 5 of the Dungeon
  2880 | D:5      | Reached skill level 7 in Ranged Weapons
  2917 | D:5      | Reached XP level 7. HP: 26/50 MP: 7/7
  3291 | D:5      | Reached skill level 8 in Ranged Weapons
  3839 | D:6      | Found Ankaonoq's Antique Armour Emporium.
  3854 | D:6      | Reached skill level 9 in Ranged Weapons
  3854 | D:6      | Reached XP level 8. HP: 50/56 MP: 8/8
  3883 | D:6      | Bought a scorched helmet for 228 gold pieces
  3883 | D:6      | Identified the +3 helmet of the Doldrums {^Contam rPois
                  | rF+} (You bought it in a shop on level 6 of the Dungeon)
  4469 | D:7      | Reached skill level 10 in Ranged Weapons
  4771 | D:7      | Reached XP level 9. HP: 61/61 MP: 9/9
  4774 | D:7      | Reached skill level 11 in Ranged Weapons
  4807 | D:7      | Identified a +1 robe of resistance
  4850 | D:7      | Found a staircase to the Ecumenical Temple.
  4855 | Temple   | Entered the Ecumenical Temple
  5339 | D:8      | Noticed a moth of wrath
  5369 | D:8      | Noticed Erica
  5382 | D:8      | Killed Erica
  5383 | D:8      | Reached skill level 12 in Ranged Weapons
  5439 | D:8      | Found a bloodstained altar of Trog.
  5504 | D:8      | Noticed an elephant
  5522 | D:8      | Killed an elephant
  5612 | D:8      | Found a staircase to the Lair.
  5707 | D:8      | Reached skill level 13 in Ranged Weapons
  5791 | D:8      | Reached XP level 10. HP: 67/67 MP: 10/10
  6138 | D:8      | Slain by a vampire

Vanquished Creatures
  Erica (D:8)
  An elephant (D:8)
  A wyvern (D:8)
  An ice beast (D:6)
  A sky beast (D:7)
  3 black bears
  2 ogres
  A kobold brigand (D:8)
  2 bullfrogs
  2 gnoll sergeants
  3 scorpions
  3 wights (D:7)
  2 howler monkeys (D:7)
  2 hounds (D:5)
  8 orc priests
  A gnoll bouda (D:5)
  Jessica (D:2)
  A sleepcap (D:7)
  8 orc wizards
  2 iguanas
  Robin (D:2)
  3 adders
  16 gnolls
  A shadow imp (D:5)
  2 white imps
  6 ufetubi
  4 ribbon worms
  3 dart slugs
  29 orcs
  6 ball pythons
  4 bats (D:3)
  5 endoplasms
  3 giant cockroaches
  16 goblins
  13 hobgoblins
  5 jackals
  8 kobolds
  5 quokkas
  2 frilled lizards
  6 rats
184 creatures vanquished.

Table legend: (Time is in decaauts)
 A = Elapsed time spent in this place.
 B = Non-inter-level travel time spent in this place.
 C = Inter-level travel time spent in this place.
 D = Time resting spent in this place.
 E = Time spent auto-exploring this place.
 F = Levels seen in this place.
 G = Mean time per level.
                   A        B        C        D        E       F      G
               +--------+--------+--------+--------+--------+-----+--------+
         Total |   6146 |   5895 |    251 |    143 |   4562 |   9 |  682.9 |
       Dungeon |   6144 |   5894 |    250 |    143 |   4562 |   8 |  768.0 |
        Temple |      1 |      0 |      1 |      0 |      0 |   1 |    1.0 |
               +--------+--------+--------+--------+--------+-----+--------+

Top non-repeatable levels by time:
     D:8: 1025 daAuts
     D:5: 999 daAuts
     D:1: 879 daAuts
     D:2: 875 daAuts
     D:7: 828 daAuts
     D:6: 522 daAuts
     D:4: 507 daAuts
     D:3: 505 daAuts
  Temple: 1 daAuts

Table legend:
 A = Non-vault XP
 B = Vault XP
 C = Vault XP percentage of total XP
 D = Non-vault monster count
 E = Vault monster count
 F = Vault count percentage of total count
                 A         B        C        D         E       F
            +---------+---------+-------+---------+---------+-------
      Total |    3027 |    1864 |  38.1 |     150 |      34 |  18.5
            +---------+---------+-------+---------+---------+-------
        D:1 |      31 |       0 |   0.0 |      18 |       0 |   0.0
        D:2 |      17 |      69 |  80.2 |       9 |      13 |  59.1
        D:3 |      33 |      22 |  40.0 |      16 |      11 |  40.7
        D:4 |     166 |       0 |   0.0 |      12 |       0 |   0.0
        D:5 |     687 |       0 |   0.0 |      33 |       0 |   0.0
        D:6 |     490 |       0 |   0.0 |      12 |       0 |   0.0
        D:7 |    1075 |       0 |   0.0 |      28 |       0 |   0.0
        D:8 |     528 |    1773 |  77.1 |      22 |      10 |  31.2
            +---------+---------+-------+---------+---------+-------
